 Dungeon Crawl Stone Soup version 0.30-a0-883-g5ad918d77d (webtiles) character file.

Game seed: 13185629752999194677

11936 FexLirch the Thaumaturge (level 12, -3/85 HPs)
             Began as a Djinni Air Elementalist on Mar 16, 2023.
             Was a High Priest of Makhleb.
             Splashed by a brown ugly thing's acid (6 damage)
             ... in a Gauntlet on Mar 17, 2023.
             The game lasted 00:41:49 (8700 turns).

FexLirch the Thaumaturge (Djinni Air Elementalist)  Turns: 8700, Time: 00:41:49

Health: -3/85      AC: 16    Str: 11    XL:     12   Next: 14%
Gold:   584        EV: 19    Int: 23    God:    Makhleb [*****.] SH:  4 Dex: 13

rFire   + + +      SeeInvis .    L - +5 dagger of Jet Fobb {flame, Str+4}
rCold   x . .      Faith    .    R - +1 buckler {reflect}
rNeg    . . .      Spirit   .    o - +0 troll leather armour
rPois   ∞          Reflect  +    C - +2 helmet
rElec   .          Rampage  .    (no cloak)
rCorr   .          NoTele   +    y - +0 pair of gloves
Will    +....                    (boots unavailable)
Stlth   ++                       d - amulet of regeneration
HPRegen 1.94/turn                F - ring of protection from fire
MPRegen 0.00/turn                G - +5 ring of evasion

@: ice-armoured, flying
A: sickness immunity, fire resistance 2, cold vulnerability 1, float, innate
caster, HP casting, extra vitality 1
a: Renounce Religion, Minor Destruction, Lesser Servant of Makhleb, Major
Destruction, Greater Servant of Makhleb


You were in a Gauntlet.
You worshipped Makhleb.
Makhleb was extremely pleased with you.
You visited 2 branches of the dungeon, and saw 12 of its levels.
You also visited: Bailey and Gauntlet.

You collected 668 gold pieces.
You spent 84 gold pieces at shops.

Inventory:

Hand Weapons
 u - a +2 spear of freezing
 L - the +5 dagger of Jet Fobb (weapon) {flame, Str+4}
   (You found it on level 6 of the Dungeon)

   Str:       It affects your strength (+4).
Missiles
 e - 123 stones
 f - 7 throwing nets
 l - 19 poisoned darts
 s - 20 boomerangs
 D - 4 curare-tipped darts
 H - 10 javelins
Armour
 o - a +0 troll leather armour (worn)
 y - a +0 pair of gloves (worn)
 C - a +2 helmet (worn)
 I - a +0 robe of willpower
 R - a +1 buckler of reflection (worn)
Magical Staves
 J - a staff of earth
 N - a staff of air
Jewellery
 d - an amulet of regeneration (around neck)
 j - an amulet of reflection
 F - a ring of protection from fire (left hand)
 G - a +5 ring of evasion (right hand)
Wands
 M - a wand of paralysis (14)
 P - a wand of digging (5)
 T - a wand of roots (7)
Scrolls
 g - a scroll of vulnerability {unknown}
 h - 4 scrolls of fog {unknown}
 k - 5 scrolls of immolation
 n - a scroll of fear {unknown}
 p - a scroll of torment {unknown}
 q - 2 scrolls of butterflies {unknown}
 r - a scroll of brand weapon {unknown}
 t - a scroll of acquirement {unknown}
 v - 3 scrolls of enchant armour {unknown}
 B - 5 scrolls of teleportation
 E - 5 scrolls of enchant weapon
 Q - 2 scrolls of identify
Potions
 b - 2 potions of mutation {unknown}
 c - 5 potions of heal wounds
 i - a potion of haste {unknown}
 m - a potion of attraction {unknown}
 w - 3 potions of brilliance
 x - a potion of flight {unknown}
 z - 4 potions of curing
 A - 2 potions of cancellation
 K - 2 potions of might {unknown}
 O - 2 potions of lignification {unknown}
 S - a potion of resistance
Miscellaneous
 a - a condenser vane


   Skills:
 + Level 7.2 Fighting
 + Level 8.3 Dodging
 - Level 1.5 Stealth
 * Level 12.2 Spellcasting


You knew the following spells:

 Your Spells              Type           Power      Damage    Failure   Level
a - Shock                 Conj/Air       100%       1d9       1%          1
b - Static Discharge      Conj/Air       100%       2-7/arc   1%          2
c - Swiftness             Air            63%        N/A       1%          3
d - Airstrike             Air            31%        2d(5-21)  1%          4
e - Beastly Appendage     Tmut           100%       N/A       1%          1
f - Lesser Beckoning      Tloc           100%       N/A       1%          2
g - Momentum Strike       Conj/Tloc      100%       3d10      1%          2
h - Ozocubu's Armour      Ice            63%        N/A       1%          3
i - Anguish               Hex/Necr       31%        N/A       1%          4
Your spell library was empty.

Dungeon Overview and Level Annotations

Branches:
Dungeon (11/15)            Temple (1/1) D:5             Orc (0/2) D:10
 Bailey (visited)         Gauntlet (1/1)
   Lair: D:8-11

Altars:
Ashenzari
Cheibriados
Dithmenos
Elyvilon
Fedhas
Gozag
Hepliaklqana
Makhleb
Nemelex Xobeh
Okawaru
Qazlal
Ru
Trog
Uskayaw
Wu Jian
Xom
Yredelemnul
Zin
The Shining One

Shops:
D:5 =   D:8 !*

Annotations:
D:3 1 runed translucent door, Crazy Yiuf
D:8 Grum
D:10 1 exclusion Gauntlet 13 transporters, exclusion: ice statue


Innate Abilities, Weirdness & Mutations

You are immune to sickness and miasma.
You are immune to poison.
Your flesh is very heat resistant. (rF++)
You are vulnerable to cold. (rC-)
You float through the air rather than walking.
You learn spells naturally, not from books.
Your magical power is your life essence.
You have superior vitality. (+4 MHP)


Message History

You are struck by an arc of lightning.
* * * LOW HITPOINT WARNING * * *
The brown ugly thing is struck by an arc of lightning.
The brown ugly thing is heavily wounded.
The lightning grounds out.
* * * LOW HITPOINT WARNING * * *
The brown ugly thing completely misses you.
Casting: Static Discharge (safe; 1% risk of failure)
Confirm with . or Enter, or press ? or * to list all spells.
The brown ugly thing is struck by an arc of lightning.
The brown ugly thing is severely wounded.
You are struck by an arc of lightning.
* * * LOW HITPOINT WARNING * * *
The brown ugly thing is struck by an arc of lightning.
The brown ugly thing is severely wounded.
You are struck by an arc of lightning.
* * * LOW HITPOINT WARNING * * *
The brown ugly thing is struck by an arc of lightning.
The brown ugly thing is severely wounded.
The lightning grounds out.
* * * LOW HITPOINT WARNING * * *
The brown ugly thing engulfs you but does no damage.
Casting: Static Discharge (safe; 1% risk of failure)
Confirm with . or Enter, or press ? or * to list all spells.
The brown ugly thing is struck by an arc of lightning.
The brown ugly thing is severely wounded.
You are struck by an arc of lightning.
* * * LOW HITPOINT WARNING * * *
The brown ugly thing is struck by an arc of lightning.
The brown ugly thing is almost dead.
You are struck by an arc of lightning.
* * * LOW HITPOINT WARNING * * *
The brown ugly thing is struck by an arc of lightning.
The brown ugly thing is almost dead.
The lightning grounds out.
* * * LOW HITPOINT WARNING * * *
The brown ugly thing engulfs you!
* * * LOW HITPOINT WARNING * * *
You are splashed with acid.
You die...

.................................
##.###########.###########.######
.#.#bb[)©!...#.##G#/©=?.##.#Xxx:©
.#.#hh......^#.###.#..#..#.#x#x..
.#.#h.#...#..#.##..####.##.#X##..
.#.#^........#.#..###....#.#..###
.#.#....©...h#.####..#####.#....©
.#.#.......^b#.#....#..###.#..##.
.#.#..#...#hh#.#@.##.##.##.#.##..
.#.#........b#.#u##.#..#.#.#.#...
t#.#....b....#.##..##.#..#.#.....
#################################
§§8≈≈≈≈#©...........©...........©
####################.############
..©.........©#§≈8§§#.#...........
####################.#...........
##.....#.#.......55#.#..#########


You could see a brown ugly thing, a hell hog, 2 hell hounds and 2 fire bats.

Vanquished Creatures
  2 two-headed ogres
  A glowing orange brain (Gauntlet)
  An unseen horror (D:11)
  A komodo dragon (D:10)
  A tengu conjurer (Gauntlet)
  A troll (D:11)
  Grinder (D:6)
  7 spriggans (Bailey)
  A vampire (D:9)
  A wyvern (D:7)
  3 wraiths
  5 yaks (D:10)
  2 vampire mosquitoes (D:10)
  3 steam dragons
  2 water moccasins
  A black bear (D:5)
  7 orc warriors
  2 wolves (D:7)
  An ice beast (D:6)
  4 centaurs
  8 ogres
  3 phantoms
  A kobold brigand (D:9)
  A bullfrog (D:6)
  2 scorpions (D:6)
  4 gnoll sergeants
  4 wights
  14 killer bees
  3 howler monkeys
  A crimson imp (D:4)
  2 jellies
  8 hounds
  14 orc priests
  A sleepcap (D:6)
  Jessica (D:2)
  Terence (D:2)
  3 iguanas
  8 orc wizards
  Robin (D:2)
  8 adders
  26 gnolls
  4 shadow imps
  An ufetubus (D:6)
  4 worms
  A dart slug (D:1)
  55 orcs
  7 ball pythons
  5 endoplasms
  7 giant cockroaches
  13 goblins
  7 hobgoblins
  4 quokkas
  4 bats
  3 frilled lizards
  2 goblin zombies (D:4)
  2 hobgoblin zombies (D:4)
  10 kobolds
  2 kobold zombies (D:4)
  2 orc skeletons (D:4)
  An orc zombie (D:4)
  7 rats
302 creatures vanquished.

Vanquished Creatures (others)
  A sixfirhy (Gauntlet)
  26 demonic plants (Gauntlet)
27 creatures vanquished.

Grand Total: 329 creatures vanquished

Notes
Turn   | Place    | Note
-------+----------+-------------------------------------------
     0 | D:1      | FexLirch the Djinni Air Elementalist began the quest for
                  | the Orb.
     0 | D:1      | FexLirch set off with the following spells memorised:
                  | Shock, Static Discharge, Swiftness, Airstrike.
     0 | D:1      | Reached XP level 1. HP: 15/15 MP: 0/0
    71 | D:1      | Reached XP level 2. HP: 19/21 MP: 0/0
   169 | D:1      | Reached skill level 3 in Spellcasting
   380 | D:1      | Reached XP level 3. HP: 25/25 MP: 0/0
   380 | D:1      | Learned a level 1 spell: Beastly Appendage
   511 | D:2      | Noticed Robin
   515 | D:2      | Killed Robin
   544 | D:2      | Reached XP level 4. HP: 29/31 MP: 0/0
   709 | D:2      | Noticed Jessica
   713 | D:2      | Killed Jessica
   714 | D:2      | Reached skill level 4 in Spellcasting
   714 | D:2      | Noticed Terence
   719 | D:2      | Killed Terence
   720 | D:2      | Reached XP level 5. HP: 35/35 MP: 0/0
   720 | D:2      | Learned a level 2 spell: Lesser Beckoning
  1239 | D:3      | Reached XP level 6. HP: 40/40 MP: 0/0
  1262 | D:3      | Found a runed translucent door.
  1263 | D:3      | Noticed Crazy Yiuf
  1341 | D:3      | Reached skill level 5 in Spellcasting
  1653 | D:4      | Found a glowing golden altar of the Shining One.
  1755 | D:4      | You are sucked into a shaft and drop 2 floors!
  1774 | D:5      | Entered Level 5 of the Dungeon
  1796 | D:5      | Reached XP level 7. HP: 41/45 MP: 0/0
  1796 | D:5      | Learned a level 2 spell: Momentum Strike
  1951 | D:5      | Found a staircase to the Ecumenical Temple.
  1960 | D:5      | Reached skill level 6 in Spellcasting
  1985 | Temple   | Entered the Ecumenical Temple
  1999 | Temple   | Became a worshipper of Makhleb the Destroyer
  2091 | D:4      | Identified the +8 whip "Vututh" {freeze, rF- Int+3 Dex+5}
  2425 | D:4      | Reached XP level 8. HP: 50/50 MP: 0/0
  2752 | D:5      | Found Waisis's Jewellery Shoppe.
  2783 | D:5      | Reached skill level 7 in Spellcasting
  3347 | D:6      | Noticed Grinder
  3536 | D:6      | Reached * piety under Makhleb
  3649 | D:6      | Reached skill level 8 in Spellcasting
  3764 | D:6      | Reached XP level 9. HP: 55/55 MP: 0/0
  3764 | D:6      | Learned a level 3 spell: Ozocubu's Armour
  3862 | D:6      | Reached skill level 9 in Spellcasting
  3908 | D:6      | Killed Grinder
  3954 | D:6      | Found an opulent altar of Gozag.
  3979 | D:6      | Identified the +5 dagger of Jet Fobb {flame, Str+4}
  4108 | D:7      | Reached skill level 1 in Fighting
  4180 | D:7      | Reached ** piety under Makhleb
  4352 | D:7      | Found a flagged portal.
  4378 | Bailey   | Entered a bailey
  4396 | Bailey   | Reached XP level 10. HP: 35/65 MP: 0/0
  4451 | Bailey   | Reached skill level 10 in Spellcasting
  4500 | Bailey   | Reached skill level 5 in Dodging
  4563 | Bailey   | Noticed a two-headed ogre
  4586 | Bailey   | Killed a two-headed ogre
  4929 | D:7      | Reached skill level 5 in Fighting
  5511 | D:8      | Found an ornate altar of the Wu Jian Council.
  5566 | D:8      | Noticed a two-headed ogre
  5600 | D:8      | Killed a two-headed ogre
  5601 | D:8      | Reached skill level 11 in Spellcasting
  5601 | D:8      | Reached XP level 11. HP: 71/76 MP: 0/0
  5601 | D:8      | Learned a level 4 spell: Anguish
  5678 | D:8      | Reached *** piety under Makhleb
  5712 | D:8      | Found a snail-covered altar of Cheibriados.
  5779 | D:8      | Found Dugosy's Overcharged Wands.
  6052 | D:8      | Noticed Grum
  6327 | D:8      | Found Duorapta's Distillery.
  6335 | D:8      | Bought 2 potions of curing for 84 gold pieces
  6728 | D:10     | Entered Level 10 of the Dungeon
  6881 | D:9      | Found a hide-covered altar of Uskayaw.
  7010 | D:9      | Reached **** piety under Makhleb
  7277 | D:10     | Found a basalt altar of Yredelemnul.
  7348 | D:10     | Found a staircase to the Orcish Mines.
  7538 | D:10     | Reached ***** piety under Makhleb
  8254 | D:11     | Reached skill level 12 in Spellcasting
  8358 | D:11     | Found a shadowy altar of Dithmenos.
  8359 | D:11     | Found a gate leading to a gauntlet.
  8371 | Gauntlet | Entered a Gauntlet
  8371 | Gauntlet | Noticed a tengu warrior
  8371 | Gauntlet | Found a transporter.
  8380 | Gauntlet | Found a transporter.
  8380 | Gauntlet | Noticed a sixfirhy
  8395 | Gauntlet | Found a transporter.
  8397 | Gauntlet | Noticed a brown ugly thing
  8398 | Gauntlet | Noticed a thrashing horror
  8403 | Gauntlet | Found a transporter.
  8424 | Gauntlet | Found a transporter.
  8431 | Gauntlet | Noticed a thrashing horror
  8437 | Gauntlet | Found a transporter.
  8440 | Gauntlet | Noticed a glowing orange brain
  8447 | Gauntlet | Noticed a hell hog
  8449 | Gauntlet | Found a transporter.
  8473 | Gauntlet | Found a transporter.
  8476 | Gauntlet | Noticed a fire crab
  8485 | Gauntlet | Found a transporter.
  8497 | Gauntlet | Found a transporter.
  8499 | Gauntlet | Noticed a great orb of eyes
  8500 | Gauntlet | Noticed a brown ugly thing
  8502 | Gauntlet | Noticed a purple ugly thing
  8515 | Gauntlet | Found a transporter.
  8533 | Gauntlet | Found a transporter.
  8535 | Gauntlet | Found a transporter.
  8568 | Gauntlet | Found a transporter.
  8572 | Gauntlet | Found a transporter.
  8574 | Gauntlet | Found a transporter.
  8577 | Gauntlet | Found a transporter.
  8582 | Gauntlet | Reached XP level 12. HP: 85/85 MP: 0/0
  8588 | Gauntlet | Found a transporter.
  8653 | Gauntlet | Killed a sixfirhy
  8691 | Gauntlet | Noticed a soul eater
  8695 | Gauntlet | Killed a glowing orange brain
  8700 | Gauntlet | HP: 3/85 [brown ugly thing (8)]
  8700 | Gauntlet | Splashed by a brown ugly thing's acid

Illustrated notes

Levels and vault maps discovered:
D:1:      roderic_crossed_star, layout_rooms
D:2:      layout_basic, minmay_misc_feat_room, uniq_jessica, uniq_terence,
          uniq_robin
D:3:      layout_rooms, uniq_crazy_yiuf_cottage
D:4:      layout_gridville, nicolae_tso_besieged_by_evil
D:5:      layout_basic, minmay_temple_entry_junction, serial_shops,
          nicolae_shop_stone
D:6:      layout_rooms, mainiacjoe_overflow_alcove_1, uniq_grinder
D:7:      layout_basic, enter_bailey_7
D:8:      layout_gridville, gammafunk_temple_overflow_elements,
          nicolae_wu_jian_wuxing_cycle, serial_shops, shop,
          chequers_serial_rivers_small_a, nicolae_shop_overcharged_wands,
          uniq_grum
D:9:      layout_stronghold, mainiacjoe_overflow_six_doors_small,
          minmay_curled_crystal
D:10:     layout_basic, mainiacjoe_overflow_concentric_impassable,
          hiddenorc2_lemuel
D:11:     layout_loops_cross, erik_lair_island, ebering_ghost_gozag,
          gauntlet_entry_generic, nicolae_dithmenos_the_darkroom
Temple:   minmay_freezing_vapour_temple
Gauntlet: gammafunk_gauntlet_one_two_three [gammafunk_gauntlet_arena_spirals,
          nicolae_gauntlet_arena_t_cross, nicolae_gauntlet_arena_grate_2,
          gammafunk_gauntlet_arena_split_x, gammafunk_gauntlet_arena_mazey,
          gammafunk_gauntlet_arena_hedges,
          gammafunk_gauntlet_arena_split_diamond,
          nicolae_gauntlet_arena_flowing_pool, gammafunk_gauntlet_arena_grid,
          gauntlet_exit_hidden_loot]

Skill      XL: |  1  2  3  4  5  6  7  8  9 10 11 |
---------------+----------------------------------+-----
Spellcasting   | 3 4 5 6 8 9 11 12 | 12.2
Fighting       | 2 5 7 |  7.2
Dodging        | 3 6 8 |  8.3
Stealth        | |  1.5

Action                     |  1- 3 |  4- 6 |  7- 9 | 10-12 || total
---------------------------+-------+-------+-------+-------++-------
  Melee: Spear             |       |       |     1 |       ||     1
         Dagger            |       |       |     1 |     2 ||     3
         Staff             |       |       |       |     9 ||     9
   Cast: Shock             |    48 |   118 |   162 |   180 ||   508
         Static Discharge  |     2 |     2 |    33 |    78 ||   115
         Airstrike         |       |       |    15 |    83 ||    98
         Swiftness         |       |       |     3 |     5 ||     8
         Momentum Strike   |       |       |     3 |     5 ||     8
         Ozocubu's Armour  |       |       |     2 |     5 ||     7
         Lesser Beckoning  |       |       |       |     1 ||     1
         Anguish           |       |       |       |     1 ||     1
    Use: Scroll            |       |       |     6 |     2 ||     8
         Potion            |       |       |       |     1 ||     1
 Armour: Robe              |     1 |     1 |     6 |    16 ||    24
         Troll leather arm |       |       |       |     7 ||     7
  Dodge: Dodged            |     9 |     7 |    67 |   106 ||   189
  Block: Buckler           |       |       |       |    10 ||    10

Table legend: (Time is in decaauts)
 A = Elapsed time spent in this place.
 B = Non-inter-level travel time spent in this place.
 C = Inter-level travel time spent in this place.
 D = Time resting spent in this place.
 E = Time spent auto-exploring this place.
 F = Levels seen in this place.
 G = Mean time per level.
                   A        B        C        D        E       F      G
               +--------+--------+--------+--------+--------+-----+--------+
         Total |   8688 |   7926 |    762 |    332 |   4801 |  14 |  620.6 |
       Dungeon |   7984 |   7222 |    762 |    180 |   4801 |  11 |  725.8 |
        Temple |     19 |     19 |      0 |      0 |      0 |   1 |   19.0 |
        Bailey |    360 |    360 |      0 |     87 |      0 |   1 |  360.0 |
      Gauntlet |    323 |    323 |      0 |     65 |      0 |   1 |  323.0 |
               +--------+--------+--------+--------+--------+-----+--------+

Top non-repeatable levels by time:
     D:5: 1087 daAuts
     D:7: 1074 daAuts
    D:10: 905 daAuts
     D:8: 895 daAuts
     D:9: 771 daAuts
     D:4: 767 daAuts
     D:6: 671 daAuts
     D:3: 630 daAuts
     D:2: 488 daAuts
     D:1: 459 daAuts
  Bailey: 360 daAuts
Gauntlet: 323 daAuts
    D:11: 233 daAuts
  Temple: 19 daAuts
